 Dungeon Crawl Stone Soup version 0.27-a0-797-g27d10ad80f (webtiles) character file.

Game seed: 4681035219839938597

11 sanka the Magician (level 2, -2/21 HPs)
             Began as a Djinni Summoner on Mar 27, 2021.
             Slain by a quokka (3 damage)
             ... on level 1 of the Dungeon.
             The game lasted 00:02:09 (1207 turns).

sanka the Magician (Djinni Summoner)                Turns: 1207, Time: 00:02:09

Health: -2/21      AC:  2    Str:  7    XL:     2   Next: 29%
Gold:   13         EV: 12    Int: 16    God:
                   SH:  0    Dex: 13

rFire    + + .     SeeInvis .   e - +0 short sword
rCold    x . .     Faith    .   (no shield)
rNeg     . . .     Spirit   .   a - +0 robe
rPois    ∞         Reflect  .   (no helmet)
rElec    .         Harm     .   (no cloak)
rCorr    .         Rampage  .   (no gloves)
Will     .....                  (boots unavailable)
Stlth    ++........             (no amulet)
HPRegen  0.07/turn              (no ring)
MPRegen  0.00/turn              (no ring)

@: flying
A: fire resistance 2, cold vulnerability 1, float, innate caster, hp casting,
extra vitality 1
a: no special abilities


You were on level 1 of the Dungeon.
You visited 1 branch of the dungeon, and saw 1 of its levels.

You collected 13 gold pieces.


Innate Abilities, Weirdness & Mutations

You are immune to poison.
Your flesh is very heat resistant. (rF++)
You are vulnerable to cold. (rC-)
You float through the air rather than walking.
You learn spells naturally, not from books.
Your magical power is your life essence.
You have superior vitality. (+4 HP)


   Skills:
 - Level 2.1 Dodging
 - Level 1.5 Stealth
 + Level 4.0 Spellcasting


You couldn't memorise any spells.
You knew the following spells:

 Your Spells              Type           Power      Damage    Failure   Level
c - Call Canine Familiar  Summ           16%        N/A       10%         3
v - Summon Ice Beast      Ice/Summ       16%        N/A       30%         4
x - Call Imp              Summ           16%        N/A       4%          2
z - Summon Small Mammal   Summ           64%        N/A       3%          1
X - Summon Lightning Spi  Summ/Air       16%        N/A       30%         4
Z - Summon Guardian Gole  Hex/Summ       16%        N/A       10%         3
Your spell library was empty.

Inventory:

Hand Weapons
 c - a +0 dagger
 e - a +0 short sword (weapon)
Missiles
 b - 10 poisoned darts
Armour
 a - a +0 robe (worn)
Scrolls
 d - a scroll of identify {unknown}
Potions
 f - a potion of attraction {unknown}

Dungeon Overview and Level Annotations

Branches:
Dungeon (1/15)

Altars:

▒▒. . . ... ▒...▒ ▒▒ . ▒.
▒.. ▒...▒ ▒.▒. ... ▒.▒ ▒...▒
▒.▒▒▒.▒. ▒▒▒▒▒▒▒▒ ▒.▒
▒...▒▒▒▒▒(?.^... .......▒
▒.▒ ▒...▒▒>...?...▒ ...▒ ▒.▒
▒.▒▒▒▒▒▒▒...▒▒.▒▒)▒▒..▒
...▒▒▒.▒▒▒.▒......5........▒
..▒
....▒▒..........Rr.........▒
..▒
.....▒...▒.▒...............▒
..▒
.....:...▒.▒..▒▒▒▒...▒▒.▒▒▒▒
..▒ .......:.).▒..▒
▒...▒▒... ..▒
▒.....▒...▒▒..▒ ▒...▒▒▒▒▒▒
..▒ ▒▒...▒▒...▒▒..▒ ▒...▒
▒▒.▒▒▒.......▒▒▒▒...▒ ▒▒▒
▒▒▒.▒▒..[......▒
▒▒▒▒▒▒.▒▒.▒▒▒▒▒▒▒▒▒


You could see a quokka (ally target) and a friendly white imp (summoned).


Message History

You kill the goblin!
No target in view!
You start resting.
A quokka comes into view.
You closely miss the quokka. The quokka barely misses you.
The quokka closely misses you.
You hit the quokka but do no damage. The quokka completely misses you.
You closely miss the quokka. The quokka bites you.
You closely miss the quokka. The quokka closely misses you.
You hit the quokka.
The quokka is almost dead.
The quokka bites you.
* * * LOW HITPOINT WARNING * * *
The quokka bites you.
* * * LOW HITPOINT WARNING * * *
You hit the quokka but do no damage.
The quokka is almost dead.
The quokka barely misses you. The quokka bites you.
* * * LOW HITPOINT WARNING * * *
The quokka closely misses you.
A beastly little devil appears in a puff of frigid air.
* * * LOW HITPOINT WARNING * * *
The quokka bites you but does no damage.
The quokka bites you.
You die...

Action                   || total
-------------------------++-------
Melee: Dagger            ||    24
       Unarmed           ||    18
       Short sword       ||    16
 Cast: Summon Small Mamm ||     7
       Call Imp          ||     2
Armor: Robe              ||    11
Dodge: Dodged            ||    41

Levels and vault maps discovered:
D:1:      dpeg_arrival_court, layout_loops_cross, minmay_pentomino_s2

Notes
Turn   | Place    | Note
-------+----------+-------------------------------------------
     0 | D:1      | sanka the Djinni Summoner began the quest for the Orb.
     0 | D:1      | Reached XP level 1. HP: 15/15 MP: 0/0
   693 | D:1      | Reached XP level 2. HP: 3/21 MP: 0/0
  1028 | D:1      | Reached skill level 4 in Spellcasting
  1207 | D:1      | Slain by a quokka

Vanquished Creatures
  An endoplasm (D:1)
  A giant cockroach (D:1)
  2 goblins (D:1)
  A hobgoblin (D:1)
  A bat (D:1)
  2 rats (D:1)
8 creatures vanquished.

Vanquished Creatures (collateral kills)
  A hobgoblin (D:1)
  2 kobolds (D:1)
  A ball python (D:1)
  A rat (D:1)
5 creatures vanquished.

Grand Total: 13 creatures vanquished
